Workbook

Sheet Problem 2-28 (A)
A2: CHAPTER 2 PROBLEM 28-A
A3: Inheritance Brand
A5: TRANSACTION | C5: ASSETS | D5: = | F5: LIABILITIES | H5: OWNERS EQUITY
A7: 1 | B7: + | C7: 550,000,000 | D7: = | F7: 0 | G7: + | H7: 550000000
A8: 2 | B8: + | C8: 4000000 | D8: = | F8: 0 | G8: + | H8: 0
B9: - | C9: 4000000
A10: 3 | B10: + | C10: 30000000 | D10: = | F10: 0 | G10: + | H10: 0
B11: - | C11: 30000000
A12: 4 | B12: + | C12: 400000000 | D12: = | E12: + | F12: 400000000 | G12: + | H12: 0
A13: 5 | B13: - | C13: 400000000 | D13: = | E13: - | F13: 400000000 | G13: + | H13: 0

Sheet Problem 2-28 (B)
A1: CHAPTER 2 PROBLEM 28-B
A2: Inheritance Brand
A4: TRANSACTION | D4: DEBIT | E4: CREDIT
A5: 1 | B5: Cash | D5: 550000000
C6: Common Stock | E6: 31250000
C7: Additional Paid in Capital | E7: 518750000
A8: 2 | B8: Land | D8: 250000
B9: Building | D9: 900000000
C10: Cash | E10: 400000000
C11: Notes Payable | E11: 750000000
A12: 3 | B12: Prepaid Insurance | D12: 30000000
B13: Cash | E13: 30000000
A14: 4 | B14: Merchandise Inventory | D14: 400000000
C15: Accounts Payable | E15: 400000000
A16: 5 | B16: Accounts Payable | D16: 400000000
C17: Cash | E17: 400000000

Sheet Problem 2-34 (A)
A1: CHAPTER 2 PROBLEM 34-A
A2: Veronica Regaldo
A4: TRANSACTION | D4: ACCOUNT | E4: DEBIT | F4: CREDIT
A5: 1 | B5: Common Stock | D5: SE | E5: 500000
C6: Cash | D6: A | F6: 500000
A7: 2 | B7: Patent | D7: A | E7: 20000
C8: Cash | D8: A | F8: 20000
B9: Patent Expense | D9: A | E9: 4000
C10: Cash | D10: A | F10: 4000
A11: 3 | B11: Merchandise Inventory | D11: A | E11: 200000
C12: Accounts Payable | D12: L | F12: 200000
A13: 4 | B13: Prepaid Rent | D13: A | E13: 60000
C14: Cash | D14: A | F14: 60000
A15: 4 | B15: Rent Expense | D15: E | E15: 60000
C16: Cash | D16: A | F16: 60000
A17: 6
A19: 7 | B19: Accounts Payable | D19: A | E19: 156800
C20: Cash | D20: A | F20: 156800
A21: 8 | B21: Insurance Expense | D21: E | E21: 12000
C22: Cash | D22: A | F22: 12000
A23: 8 | B23: Prepaid Insurance | D23: A | E23: 12000
C24: Cash | D24: A | F24: 12000

Sheet Problem 34-B Trial Balance
A1: CHAPTER 2 PROBLEM 34-B
A2: Veronica Regaldo
B4: TRIAL BALANCE
A6: CASH | D6: COMMON STOCK
B7: 50000 | D7: 500000
B8: 20000
B9: 4000
B10: 60000
B11: 12000
B12: 156800
A13: Balance | B13: =SUM(B7:B12) -> 302800 | D13: Balance | E13: =D7 -> 500000
A15: MERCHANDISE INVENTORY | D15: ACCOUNTS PAYABLE
A16: 200000 | D16: 156800 | E16: 200000
A19: Balance | B19: =A16 -> 200000 | D19: Balance | E19: =SUM(E16:E17) -> 200000
A21: PREPAID RENT | D21: PREPAID INSURANCE
A22: 60000 | D22: 12000
A24: Balance | B24: =A22 -> 60000 | D24: Balance | E24: =D22 -> 12000
A26: PATENT | D26: PATENT EXPENSE
A27: 20000 | D27: 4000
A30: Balance | B30: 20000 | D30: Balance | E30: 4000

Sheet Problem 34-B Balance Sheet
A1: CHAPTER 2 PROBLEM 34-B
A2: Veronica Regaldo
B4: BALANCE SHEET
A6: ASSETS | D6: LIABILITIES AND SHAREHOLDERS EQUITY\
A8: Current Assets | D8: Current Liabilities
A9: Cash | B9: ='Problem 34-B Trial Balance'!B13 -> 302800 | D9: Accounts Payable | E9: ='Problem 34-B Trial Balance'!E19 -> 200000
A10: Merchandise Inventory | B10: 200000
A11: Prepaid Rent | B11: ='Problem 34-B Trial Balance'!B24 -> 60000 | D11: Total Current Liabilities | E11: =SUM(E9:E10) -> 200000
A12: Prepaid Insurance | B12: ='Problem 34-B Trial Balance'!E24 -> 12000
D13: Shareholder's Equity
A14: Total Current Assets | B14: =SUM(B9:B13) -> 574800 | D14: Common Stock | E14: 500000
D16: TOTAL LIABILITIES AND SHAREHOLDER'S EQUITY | E16: =E14+E11 -> 700000
A17: Intangibles
A18: Patent | B18: ='Problem 34-B Trial Balance'!B30 -> 20000
A20: TOTAL ASSETS | B20: =B18+B14 -> 594800

Sheet Problem 3-16
A1: CHAPTER 3 PROBLEM 16
A2: Kajima Corporation
A4: Item | B4: 2007 | C4: 2006 | D4: 2005 | E4: 2004
A5: Total Assets | B5: 2107 | C5: =C7+C11 -> 1906 | D5: =D12 -> 1803 | E5: 1870
A6: Noncurrent Liabilities | B6: 437 | C6: =C8-C9 -> 460 | D6: 411 | E6: 467
A7: Noncurrent Assets | B7: =B5-B11 -> 784 | C7: 773 | D7: 703 | E7: =E5-E11 -> 760
A8: Total Liabilities | B8: =B6+B9 -> 1755 | C8: =C12-C10 -> 1608 | D8: 1583 | E8: =E6+E9 -> 1639
A9: Current Liabilities | B9: 1318 | C9: 1148 | D9: =D8-D6 -> 1172 | E9: 1172
A10: Shareholders Equity | B10: =B12-B8 -> 352 | C10: 298 | D10: 220 | E10: =E12-E8 -> 231
A11: Current Assets | B11: 1323 | C11: 1133 | D11: =D5-D7 -> 1100 | E11: 1110
A12: Total Liabilities and Shareholders Equity | B12: =B5 -> 2107 | C12: =C5 -> 1906 | D12: =D8+D10 -> 1803 | E12: =E5 -> 1870
B14: =
B15: Numbers given from problem
